 Dungeon Crawl Stone Soup version 0.29-a0-359-g541a27f54d (webtiles) character file.

Game seed: 10538524148745798734

1 NinjaNoafa the Caller (level 1, -1/13 HPs)
             Began as a Merfolk Summoner on Apr 27, 2022.
             Slain by a hobgoblin (4 damage)
             ... on level 1 of the Dungeon.
             The game lasted 00:00:15 (59 turns).

NinjaNoafa the Caller (Merfolk Summoner)              Turns: 59, Time: 00:00:15

Health: -1/13      AC:  2    Str:  8    XL:     1   Next: 20%
Magic:  1/3        EV: 12    Int: 14    God:
Gold:   0          SH:  0    Dex: 14    Spells: 3/4 levels left

rFire   . . .      SeeInvis .   (no weapon)
rCold   . . .      Faith    .   (no shield)
rNeg    . . .      Spirit   .   a - +0 robe
rPois   .          Reflect  .   (no helmet)
rElec   .          Harm     .   (no cloak)
rCorr   .          Rampage  .   (no gloves)
Will    .....                   (no boots)
Stlth   ++........              (no amulet)
HPRegen 0.04/turn               (no ring)
MPRegen 0.08/turn               (no ring)

@: no status effects
A: (nimble swimmer 2), mertail
a: no special abilities


You were on level 1 of the Dungeon.
You visited 1 branch of the dungeon, and saw 1 of its levels.

Inventory:

Armour
 a - a +0 robe (worn)
Potions
 b - a potion of magic


   Skills:
 + Level 2.7 Dodging
 + Level 2.2 Stealth
 + Level 2.0 Spellcasting
 + Level 4.0 Summonings


You had 3 spell levels left.
You knew the following spells:

 Your Spells              Type           Power      Damage    Failure   Level
a - Summon Small Mammal   Summ           48%        N/A       4%          1

Your spell library contained the following spells:

 Spells                   Type           Power      Damage    Failure   Level
 Call Imp                 Summ           12%        N/A       7%          2
 Call Canine Familiar     Summ           12%        N/A       14%         3
 Summon Guardian Golem    Hex/Summ       7%         N/A       30%         3
 Summon Lightning Spire   Summ/Air       7%         N/A       71%         4


Dungeon Overview and Level Annotations

Branches:
Dungeon (1/15)

Altars:


Innate Abilities, Weirdness & Mutations

((You are very nimble when in or above water. (Stealth+, EV+, Speed+++)))
Your lower body shifts to a powerful aquatic tail in water.


Message History

The hobgoblin closely misses your rat.
Your rat closely misses the hobgoblin.
You swap places.
The hobgoblin misses your rat.
Your rat bites the hobgoblin but does no damage.
Your bat hits the hobgoblin but does no damage.
You see here a ball python corpse.
A rat comes into view.
The hobgoblin hits your rat.
Your rat dies!
Your rat's corpse disappears in a puff of smoke!
Your bat closely misses the hobgoblin.
The hobgoblin completely misses you.
You hit the hobgoblin.
The hobgoblin is moderately wounded.
Your bat closely misses the hobgoblin.
The hobgoblin barely misses you.
Your bat hits the rat. The rat misses your bat.
Your bat hits the hobgoblin. The hobgoblin attacks as you move away!
The hobgoblin misses you.
Your bat barely misses the rat.
Your bat hits the hobgoblin. The hobgoblin hits your bat.
You see here 16 gold pieces.
Your bat barely misses the rat.
The rat barely misses you. The rat attacks as you move away!
The rat barely misses you. The hobgoblin hits your bat.
Your bat dies!
Your bat's corpse disappears in a puff of smoke!
A quokka comes into view.
The rat attacks as you move away! The rat closely misses you.
The rat attacks as you move away! The rat closely misses you.
The rat closely misses you. The hobgoblin hits you.
The rat completely misses you.
Your bat barely misses the rat.
Your bat hits the rat.
The rat dies!
The hobgoblin hits you.
Your quokka bites the hobgoblin.
Your bat barely misses the hobgoblin.
The hobgoblin hits you.
* * * LOW HITPOINT WARNING * * *
A kobold comes into view. It is wielding a +0 dagger.
Your bat barely misses the hobgoblin.
Your quokka closely misses the hobgoblin.
The hobgoblin attacks as you move away! The hobgoblin hits you.
You die...

...# . .. #..# .# ...
K..##. ...### #....
.....## #...# # ..#
......# #.#.#.#.# #.#
##...####.......# #.#
#......rg@.#..#
#.#.##.....r....#..#
#.#.......b.......>#
###.####.......?..####
.##...................
#.#.............##?.. .
#.#.#########....#.....
#.#.# #$†..#..... #.#.#
#..........


You could see a quokka, a hobgoblin (ally target), a kobold (asleep), a friendly
quokka (summoned) and a friendly bat (summoned).

Vanquished Creatures (collateral kills)
  A ball python (D:1)
  A rat (D:1)
2 creatures vanquished.

Notes
Turn   | Place    | Note
-------+----------+-------------------------------------------
     0 | D:1      | NinjaNoafa the Merfolk Summoner began the quest for the
                  | Orb.
     0 | D:1      | Reached XP level 1. HP: 13/13 MP: 3/3
    59 | D:1      | Slain by a hobgoblin

Illustrated notes

Levels and vault maps discovered:
D:1:      saegor_arrival_simple_e, layout_basic,
          hellmonk_ecumenical_altar_inner_sanctum, minmay_unequal

Action                   || total
-------------------------++-------
Melee: Unarmed           ||     1
 Cast: Summon Small Mamm ||     4
Dodge: Dodged            ||     9

Table legend: (Time is in decaauts)
 A = Elapsed time spent in this place.
 B = Non-inter-level travel time spent in this place.
 C = Inter-level travel time spent in this place.
 D = Time resting spent in this place.
 E = Time spent auto-exploring this place.
 F = Levels seen in this place.
 G = Mean time per level.
                   A        B        C        D        E       F      G
               +--------+--------+--------+--------+--------+-----+--------+
         Total |     59 |     59 |      0 |      0 |     30 |   1 |   59.0 |
       Dungeon |     59 |     59 |      0 |      0 |     30 |   1 |   59.0 |
               +--------+--------+--------+--------+--------+-----+--------+

Top non-repeatable levels by time:
     D:1: 59 daAuts
